AoeStats
← ZlaStan

Arabia

509122661Analyzed
1v1 RM · 8d ago on Sep 25, 2026· 35m 45s· 2 players
Game mode
Random Map
Map size
Tiny (2 player)
Population
200
Speed
Normal
Resources
Standard
Victory
Conquest
Starting age
Dark Age
Ending age
Imperial Age
RankedLock teamsTeams togetherTeam positionsShared explorationLock speedFull tech treeHidden civsTurbo modeCheats
Victory
Defeat
🇫🇷 Huns · France
954
+41
🇪🇸 Bulgarians · Spain
931
-15
bolroaandres
8:56 Loom
12:05 Feudal Age
16:44 Double-Bit Axe
18:07 Horse Collar
25:46 Castle Age
25:00 Stone Mining
25:03 Gold Mining
25:07 Fletching
25:18 Padded Archer Armor
26:08 Forging
27:14 Bodkin Arrow
27:35 Leather Archer Armor
29:37 Thumb Ring
32:54 Elite Skirmisher
ZlaStan
10:22 Feudal Age
8:38 Loom
15:20 Bloodlines
18:17 Double-Bit Axe
22:09 Castle Age
20:30 Horse Collar
23:22 Thumb Ring
26:02 Fletching
26:13 Padded Archer Armor
28:23 Wheelbarrow
28:47 Ballistics
29:15 Light Cavalry
29:53 Bodkin Arrow
30:44 Thumb Ring
32:45 Husbandry
35:49 Scale Barding Armor
Connection lost

Rejoining the realm…

Still unreachable

The connection could not be restored.

Session expired

The server has moved on; the page needs a fresh start.